 Dungeon Crawl Stone Soup version 0.14-a0-1696-g06d0eec (webtiles) character file.

139958 ReteAZ the Imperceptible (level 16, -4/84 HPs)
             Began as a Spriggan Enchanter on Dec 30, 2013.
             Was the Champion of Okawaru.
             Killed from afar by Yermak's ghost (41 damage)
             ... with a bolt of fire
             ... on Level 3 of the Spider Nest.
             The game lasted 04:58:07 (36278 turns).

ReteAZ the Imperceptible (Spriggan Enchanter)      Turns: 36278, Time: 04:58:09

HP  -4/84        AC  8     Str  4      XL: 16   Next: 68%
MP  21/34        EV 42     Int 18      God: Okawaru [******]
Gold 2768        SH 14     Dex 22      Spells:  8 memorised,  4 levels left

rFire  . . .     SeeInvis +     q - +9,+6 dagger (flame)
rCold  . . .     Clarity  .     f - +2 robe {Archmagi}
rNeg   + . .     Conserve .     h - +2 buckler of Okawaru {Acc+4}
rPois  +         rCorr    .     b - +1 cap {SInv}
rElec  .         rRot     .     s - +2 orc cloak
SustAb . .       Spirit   .     (gloves unavailable)
rMut   .         Warding  +     (boots unavailable)
Saprov . . .     Stasis   .     M - amulet of warding
                                j - +6 ring of evasion
                                K - ring of poison resistance

@: liquid flames, invisible (but backlit and visible), very slightly
contaminated, glowing, very quick, very resistant to hostile enchantments, very
stealthy
A: unfitting armour, see invisible, berserk 1, herbivore 3, speed 3, slow
metabolism 2
a: Heroism, Finesse, Renounce Religion


You were on level 3 of the Spider Nest.
You worshipped Okawaru.
Okawaru was exalted by your worship.
You were not hungry.

You visited 6 branches of the dungeon, and saw 37 of its levels.
You also visited: Labyrinth and Volcano.

You collected 3783 gold pieces.
You spent 1015 gold pieces at shops.

Inventory:

Hand weapons
 q - a +9,+6 dagger of flaming (weapon)
Missiles
 l - a throwing net [frayed] (quivered)
 p - 2 throwing nets
Armour
 b - a +1 cap of see invisible (worn)
 f - a +2 robe of the Archmagi (worn)
 h - the +2 buckler of Okawaru (worn) {Acc+4}
   (Okawaru gifted it to you on level 1 of the Orcish Mines)

   It affects your accuracy (+4).
 s - a +2 orcish cloak (worn)
Magical devices
 r - a wand of invisibility (6)
Comestibles
 d - 6 bread rations
 g - 16 strawberries
Scrolls
 e - 3 scrolls of remove curse
 k - 2 scrolls of identify
 t - a scroll of enchant weapon III
 z - a scroll of teleportation
Jewellery
 c - an uncursed ring of sustenance
 i - an uncursed ring of protection from magic
 j - a +6 ring of evasion (right hand)
 I - the ring of Vehumet's Supremacy {Contam MR Stlth}
   (You bought it in a shop on level 10 of the Dungeon)

   [ring of protection from magic]

   It causes magical contamination when unequipped.
   It makes you more stealthy.
 K - a ring of poison resistance (left hand)
 M - an amulet of warding (around neck)
Potions
 m - 8 potions of curing
 n - a potion of restore abilities
 u - 4 potions of heal wounds


   Skills:
 - Level 9.0 Fighting
 - Level 12.0 Short Blades
 - Level 1.1 Throwing
 + Level 18.1 Dodging
 + Level 21.1 Stealth
 - Level 7.2 Spellcasting
 - Level 18.0 Hexes
 - Level 9.0 Charms


You had 4 spell levels left.
You knew the following spells:

 Your Spells              Type           Power        Failure   Level  Hunger
a - Corona                Hex            #######      0%          1    None
b - Ensorcelled Hibernat  Hex/Ice        ######       1%          2    None
c - Confuse               Hex            #######.     1%          3    ##.....
d - Invisibility          Hex            #######.     1%          6    #######
e - Mass Confusion        Hex            #######...   1%          6    #######
f - Repel Missiles        Chrm/Air       ####......   3%          2    None
g - Swiftness             Chrm/Air       ####....     3%          2    None
h - Flight                Chrm/Air       ####......   8%          3    ##.....


Dungeon Overview and Level Annotations

Branches:
Dungeon (16/16)            Temple (1/1) D:6             Orc (4/4) D:12
    Elf (0/3) Orc:4          Lair (8/8) D:11          Swamp (5/5) Lair:5
 Spider (3/5) Lair:5        Slime (0/6) Lair:8       Vaults (0/5) D:14
 Depths (0/6) D:16

Altars:
Ashenzari
Cheibriados
Elyvilon
Fedhas
Kikubaaqudgha
Makhleb
Nemelex Xobeh
Okawaru
Sif Muna
Trog
Vehumet
Xom
Yredelemnul
Zin
the Shining One
Beogh

Shops:
D:10 =   D:11 ?[(   D:14 !   Orc:1 *   Orc:4 [(([

Annotations:
D:4 Blork the orc
Lair:6 exclusion: 3 oklob plants
Swamp:3 Agnes
Swamp:5 Aizul
Spider:2 exclusion: Roxanne, Arachne, Jorgrun, Roxanne
Spider:3 Yermak's ghost, powerful FeFE


Innate Abilities, Weirdness & Mutations

You are tiny and cannot use many weapons and most armour.
You have supernaturally acute eyesight.
You are a herbivore.
You cover ground extremely quickly.
You need consume almost no food.
You tend to lose your temper in combat.


Message History

You are covered in liquid flames!
Your scroll of blinking catches fire!
Yermak's ghost completely misses you.
Yermak's ghost sprays you with burning goo.
The sticky flame hits you!
You are covered in liquid flames!
You are covered in liquid flames!
One of your 4 scrolls of remove curse catches fire!
Your scroll of enchant weapon I catches fire!
Casting: Invisibility
Confirm with . or Enter, or press ? or * to list all spells.
Aiming: Confuse
Press: ? - help, Shift-Dir - straight line, f - Yermak's ghost
Aim: Yermak's ghost You feel a surge of power!
Yermak's ghost easily resists.
You are covered in liquid flames!
One of your 3 scrolls of identify catches fire!
One of your 2 scrolls of teleportation catches fire!
Yermak's ghost casts a spell at you. The bolt of fire hits you!
You die...

#..##..##...#######....#
........^....#.#...#...##
............##.....#..####
.............#.....#..#..#
...##.......##...##.....#
.. #...^..#####...^.....#
###......# #..........
#^.....### ##......#..#
##.#..@.# #.......####
#.....p## ##.......##
##....## ##.......#
#..%.^# #.......##
#...^..# ###........#
##....## #.##........
##.... #(.......... ......
#........... #....#.
#...........


You could see Yermak's ghost.

Vanquished Creatures
  Nikola (Spider:2)
  Rupert (D:15)
  Kirke (D:14)
  A ghost moth (Spider:2)
  Azrael (D:14)
  Snorg (Spider:2)
  2 minotaurs
  Fannar (D:10)
  12 hydras
  Harold (D:11)
  Josephine (Orc:4)
  Nessos (D:14)
  2 dancing weapons (D:14)
  Erica (Orc:2)
  2 ogre magi (D:16)
  4 alligators
  A deep troll shaman (Lair:8)
  14 death yaks
  An orc high priest (Orc:4)
  Urug (D:14)
  A rakshasa (D:16)
  The ghost of Bastard the Basher, an experienced OgBe of Trog (D:6)
  Nergalle (Lair:3)
  A catoblepas (Lair:8)
  4 centaur warriors
  4 skeletal warriors (D:15)
  Erolcha (Orc:1)
  An unseen horror (D:16)
  2 swamp dragons
  4 hill giants
  A wizard (D:16)
  7 wolf spiders
  4 griffons
  3 orc sorcerers
  3 orc knights
  2 cyclopes (D:11)
  2 black mambas (Lair:3)
  3 octopodes (D:11)
  17 elephants
  Maurice (D:11)
  15 spiny frogs
  Psyche (Orc:1)
  2 fire drakes
  A queen bee (D:12)
  4 orb spiders
  12 jumping spiders
  4 komodo dragons
  2 demonic crawlers
  5 yaktaurs (D:16)
  2 giant leeches
  A jumping spider (shapeshifter) (D:16)
  A troll (shapeshifter) (D:15)
  2 naga magi (D:16)
  8 trolls
  5 bog bodies
  6 two-headed ogres
  A baby alligator (Swamp:1)
  A boulder beetle (Lair:6)
  16 slime creatures
  8 blink frogs
  3 grizzly bears
  2 basilisks
  18 ugly things
  A shadow (D:11)
  6 tarantellas
  9 redbacks
  84 yaks
  8 sharks
  2 elephant slugs (Lair:8)
  Eustachio (D:7)
  2 hill giant zombies
  2 wyverns
  9 hippogriffs
  2 clay golems (Volcano)
  3 trapdoor spiders
  2 wraiths
  3 hungry ghosts
  Grum (Orc:1)
  A hill giant skeleton (D:14)
  16 vampire mosquitoes
  3 fire elementals (D:14)
  20 swamp worms
  4 hell hounds (D:14)
  A manticore (D:15)
  5 swamp drakes
  A soldier ant (D:11)
  A necrophage (D:11)
  21 wolves
  2 dwarves (Orc:3)
  2 yellow wasps
  7 porcupines
  3 black bears
  4 sky beasts
  16 ogres
  4 ice beasts
  A phantom (D:5)
  6 giant goldfish
  16 centaurs
  28 orc warriors
  A spiny worm simulacrum (D:16)
  2 wargs
  2 boring beetles
  5 crocodiles
  Sigmund (D:6)
  Duvessa (Orc:1)
  13 giant slugs
  A brain worm (D:13)
  9 lava worms
  A big kobold (D:9)
  A gnoll sergeant (D:7)
  11 water moccasins
  4 agate snails
  2 cyclops zombies
  16 giant frogs
  A cyclops skeleton (D:11)
  A yak zombie (D:7)
  An eye of draining (D:15)
  A troll zombie (D:12)
  19 lava fish
  12 jellyfish
  13 wights
  46 killer bees
  15 electric eels
  A yak skeleton (D:7)
  8 crimson imps
  2 jellies
  5 goliath beetles
  Dowan (Orc:1)
  2 quasits
  25 orc priests
  10 spiders
  30 orc wizards
  2 scorpions
  7 lava snakes
  9 worker ants
  9 big fish
  10 hounds
  5 iguanas
  22 sheep
  A big kobold zombie (D:10)
  A crocodile zombie (D:11)
  A crocodile skeleton (D:5)
  6 ogre zombies
  26 gnolls
  16 green rats
  20 adders
  5 giant centipedes
  An ogre simulacrum (Orc:4)
  4 giant mites
  A steam dragon skeleton (D:11)
  4 white imps (D:10)
  2 worms
  2 ufetubi (D:10)
  2 scorpion zombies
  4 giant eyeballs
  9 giant geckos
  2 oozes
  165 orcs
  9 bats
  8 giant cockroaches
  21 goblins
  12 hobgoblins
  22 jackals
  16 kobolds
  9 quokkas
  9 giant newts
  3 goblin skeletons
  3 goblin zombies (D:12)
  A hobgoblin zombie (D:12)
  An orc simulacrum (Orc:4)
  2 orc skeletons
  20 orc zombies
  11 rats
  A rat skeleton (D:4)
  A rat zombie (D:6)
  2 fungi
1280 creatures vanquished.

Vanquished Creatures (others)
  A hydra (D:14)
  A yak (D:14)
  An orc (Orc:4)
  A kobold (D:9)
  An orc skeleton (Orc:4)
  A bush (Swamp:5)
  6 fungi
  7 plants
19 creatures vanquished.

Grand Total: 1299 creatures vanquished

Notes
Turn   | Place    | Note
--------------------------------------------------------------
     0 | D:1      | ReteAZ, the Spriggan Enchanter, began the quest for the Orb.
     0 | D:1      | Reached XP level 1. HP: 9/9 MP: 4/4
   297 | D:1      | Reached XP level 2. HP: 11/13 MP: 5/7
   301 | D:1      | Learned a level 2 spell: Ensorcelled Hibernation
  1390 | D:2      | Reached skill level 4 in Hexes
  1390 | D:2      | Reached XP level 3. HP: 8/16 MP: 1/10
  1395 | D:2      | Learned a level 3 spell: Confuse
  2309 | D:3      | Found a white marble altar of Elyvilon.
  2320 | D:3      | Reached skill level 5 in Stealth
  2320 | D:3      | Reached XP level 4. HP: 17/21 MP: 10/13
  2434 | D:3      | Noticed an ogre
  2462 | D:3      | Killed an ogre
  2462 | D:3      | Reached skill level 6 in Stealth
  2462 | D:3      | Reached XP level 5. HP: 24/24 MP: 8/17
  3127 | D:3      | Reached XP level 6. HP: 28/28 MP: 8/20
  3499 | D:4      | Paralysed by a giant eyeball for 4 turns
  3631 | D:4      | Reached skill level 5 in Spellcasting
  3642 | D:3      | Reached skill level 5 in Short Blades
  4321 | D:4      | Reached XP level 7. HP: 29/32 MP: 19/22
  4336 | D:4      | Paralysed by a giant eyeball for 2 turns
  4383 | D:4      | Noticed Blork the orc
  4534 | D:4      | Reached skill level 7 in Stealth
  4883 | D:5      | Entered Level 5 of the Dungeon
  4887 | D:5      | Reached skill level 5 in Hexes
  4911 | D:5      | Found a glowing golden altar of the Shining One.
  5171 | D:5      | Reached skill level 8 in Stealth
  5215 | D:5      | Found a bloodstained altar of Trog.
  5361 | D:5      | Reached skill level 9 in Stealth
  5361 | D:5      | Reached XP level 8. HP: 32/36 MP: 9/24
  5545 | D:6      | Noticed Sigmund
  5572 | D:6      | Killed Sigmund
  5575 | D:6      | Found a staircase to the Ecumenical Temple.
  5612 | Temple   | Entered the Ecumenical Temple
  5751 | D:6      | Reached skill level 10 in Stealth
  6050 | D:6      | Reached skill level 5 in Dodging
  6052 | D:6      | Found an iron altar of Okawaru.
  6056 | D:6      | Became a worshipper of Warmaster Okawaru
  6108 | D:6      | Found a snail-covered altar of Cheibriados.
  6109 | D:6      | Noticed Bastard's ghost (experienced OgBe)
  6158 | D:6      | Killed Bastard's ghost
  6598 | D:6      | Reached XP level 9. HP: 39/39 MP: 19/25
  6743 | D:7      | Reached skill level 10 in Dodging
  6768 | D:7      | Acquired Okawaru's first power
  6816 | D:7      | Noticed Eustachio
  6909 | D:7      | Reached skill level 11 in Dodging
  7093 | D:7      | Killed Eustachio
  7179 | D:7      | Found a shimmering altar of Xom.
  8792 | D:8      | Paralysed by a giant eyeball for 2 turns
  9311 | D:8      | Reached XP level 10. HP: 44/44 MP: 24/27
  9430 | D:9      | Found a basalt altar of Yredelemnul.
  9505 | D:9      | Reached skill level 10 in Hexes
 10019 | D:9      | Paralysed by a giant eyeball for 4 turns
 10073 | D:10     | Entered Level 10 of the Dungeon
 10106 | D:9      | Reached skill level 12 in Stealth
 10472 | D:10     | Found Inal's Jewellery Boutique.
 10538 | D:10     | Bought the ring of Vehumet's Supremacy {Contam MR Stlth} for 396 gold pieces
 10575 | D:10     | Noticed Fannar
 10582 | D:10     | Killed Fannar
 10582 | D:10     | Reached skill level 13 in Stealth
 10744 | D:10     | Paralysed by a giant eyeball for 4 turns
 10915 | D:10     | Reached XP level 11. HP: 29/47 MP: 14/29
 10920 | D:10     | Acquired Okawaru's second power
 11141 | D:11     | Found Uclab Nim's Antique Armour Shop.
 11158 | D:11     | Learned a level 6 spell: Invisibility
 11180 | D:11     | Reached skill level 14 in Stealth
 11198 | D:11     | Noticed a hill giant
 11203 | D:11     | Found a staircase to the Lair.
 11256 | D:11     | Received a gift from Okawaru
 11336 | D:11     | Found Zouseaz's Antique Weapon Shop.
 11420 | D:11     | Noticed Maurice
 11440 | D:11     | Killed Maurice
 11440 | D:11     | Reached skill level 15 in Stealth
 11512 | D:11     | Killed a hill giant
 11663 | D:11     | Noticed a hill giant
 11681 | D:11     | Killed a hill giant
 11704 | D:11     | Found Cheguxzo's Magic Scroll Shoppe.
 11704 | D:11     | Noticed Harold
 11736 | D:11     | Reached skill level 16 in Stealth
 11824 | D:11     | Killed Harold
 11863 | D:11     | Reached skill level 17 in Stealth
 12578 | D:11     | Received a gift from Okawaru
 12723 | D:11     | Reached XP level 12. HP: 51/51 MP: 22/31
 12744 | D:11     | Noticed a four-headed hydra
 12770 | D:11     | Killed a four-headed hydra
 12830 | Lair:1   | Entered Level 1 of the Lair of Beasts
 13553 | Lair:1   | Found a dark tunnel.
 13569 | Volcano  | Entered a volcano
 13828 | Volcano  | Found a radiant altar of Vehumet.
 13828 | Volcano  | Noticed a minotaur
 13831 | Volcano  | Killed a minotaur
 14048 | Lair:1   | Received a gift from Okawaru
 14241 | Lair:2   | Reached skill level 15 in Hexes
 14525 | Lair:2   | Found a labyrinth entrance.
 14536 | Lab      | Entered a labyrinth
 14804 | Lab      | Found an exit through the horrors of the Abyss.
 14908 | Lab      | Noticed a minotaur
 14910 | Lab      | Killed a minotaur
 15109 | Lair:1   | Learned a level 6 spell: Mass Confusion
 16018 | Lair:3   | Noticed Nergalle
 16025 | Lair:3   | Killed Nergalle
 16556 | Lair:4   | Reached XP level 13. HP: 36/55 MP: 26/32
 16950 | Lair:4   | Received a gift from Okawaru
 16974 | Lair:4   | Reached skill level 10 in Short Blades
 17285 | Lair:5   | Found a snail-covered altar of Cheibriados.
 17388 | Lair:5   | Gained mutation: You occasionally shout uncontrollably. [potion of mutation]
 17388 | Lair:5   | Gained mutation: You are dopey. (Int -2) [potion of mutation]
 17389 | Lair:5   | Lost mutation: You occasionally shout uncontrollably. [potion of cure mutation]
 17389 | Lair:5   | Lost mutation: You are dopey. (Int -2) [potion of cure mutation]
 17699 | Lair:5   | Identified a scroll of acquirement
 17855 | Lair:5   | Found a hole to the Spider Nest.
 17890 | Lair:5   | Received a gift from Okawaru
 18018 | Lair:6   | Learned a level 2 spell: Repel Missiles
 18021 | Lair:6   | Learned a level 2 spell: Swiftness
 18178 | Lair:6   | Reached skill level 1 in Charms
 19017 | Lair:7   | Reached skill level 5 in Charms
 19076 | Lair:7   | Received a gift from Okawaru
 19079 | Lair:7   | Got a smoking cap {god gift}
 19091 | Lair:7   | Identified the -3 cap of Onkarch {rN+} (Okawaru gifted it to you on level 7 of the Lair of Beasts)
 19627 | Lair:8   | Entered Level 8 of the Lair of Beasts
 19780 | Lair:8   | Found a staircase to the Slime Pits.
 20121 | Lair:8   | Upgraded the game from 0.14-a0-1686-g0e827d1 to 0.14-a0-1689-g99b8db2
 20635 | Lair:8   | Reached skill level 15 in Dodging
 20879 | Lair:8   | Reached XP level 14. HP: 59/59 MP: 28/32
 21261 | Lair:6   | Learned a level 3 spell: Flight
 21687 | Lair:2   | Received a gift from Okawaru
 22230 | Lair:4   | Reached skill level 1 in Fighting
 22582 | Lair:4   | Received a gift from Okawaru
 23114 | Lair:5   | Found a staircase to the Swamp.
 23150 | Swamp:1  | Entered Level 1 of the Swamp
 23399 | Swamp:1  | Reached skill level 5 in Fighting
 24683 | Swamp:3  | Noticed Agnes
 24971 | Swamp:5  | Entered Level 5 of the Swamp
 25231 | Swamp:5  | Noticed Aizul
 25483 | Swamp:3  | Reached XP level 15. HP: 72/77 MP: 33/33
 25789 | D:12     | Found a staircase to the Orcish Mines.
 26469 | Orc:1    | Entered Level 1 of the Orcish Mines
 26481 | Orc:1    | Noticed Dowan
 26497 | Orc:1    | Noticed Duvessa
 26500 | Orc:1    | Killed Dowan
 26505 | Orc:1    | Killed Duvessa
 26728 | Orc:1    | Found a burning altar of Makhleb.
 26732 | Orc:1    | Found Kluidwou's General Store.
 26759 | Orc:1    | Received a gift from Okawaru
 26760 | Orc:1    | Got an ichor-stained buckler {god gift}
 26764 | Orc:1    | Identified the +2 buckler of Okawaru {Acc+4} (Okawaru gifted it to you on level 1 of the Orcish Mines)
 26891 | Orc:2    | Found a bloodstained altar of Trog.
 26892 | Orc:2    | Noticed Erica
 26923 | Orc:2    | Killed Erica
 27064 | Orc:2    | Found an iron altar of Okawaru.
 27798 | Orc:1    | Noticed Psyche
 27814 | Orc:1    | Killed Psyche
 27858 | Orc:1    | Noticed Erolcha
 27865 | Orc:1    | Noticed Grum
 27905 | Orc:1    | Killed Grum
 27936 | Orc:1    | Killed Erolcha
 28203 | Orc:3    | Found an iron altar of Okawaru.
 28524 | Orc:4    | Entered Level 4 of the Orcish Mines
 28526 | Orc:4    | Found a staircase to the Elven Halls.
 28603 | Orc:4    | Found an ancient bone altar of Kikubaaqudgha.
 28661 | Orc:4    | Found a roughly hewn altar of Beogh.
 28934 | Orc:4    | Found a roughly hewn altar of Beogh.
 29144 | Orc:4    | Found a roughly hewn altar of Beogh.
 29144 | Orc:4    | Found Syson's Weapon Emporium.
 29203 | Orc:4    | Found a roughly hewn altar of Beogh.
 29225 | Orc:4    | Noticed Josephine
 29293 | Orc:4    | Killed Josephine
 29927 | Orc:4    | Found a roughly hewn altar of Beogh.
 29927 | Orc:4    | Found Saifeh's Antique Weapon Boutique.
 29945 | Orc:4    | Found Proddusy's Antique Armour Shop.
 29996 | Orc:4    | Found a roughly hewn altar of Beogh.
 29997 | Orc:4    | Found Maolilipt's Antique Armour Boutique.
 30050 | Orc:4    | Bought a runed cloak for 26 gold pieces
 30050 | Orc:4    | Bought a runed buckler for 65 gold pieces
 30966 | D:14     | Found Yziwisua's Distillery.
 30975 | D:14     | Reached skill level 18 in Stealth
 31027 | D:14     | Received a gift from Okawaru
 31136 | D:14     | Bought a potion of curing for 24 gold pieces
 31136 | D:14     | Bought a potion of resistance for 84 gold pieces
 31136 | D:14     | Bought a potion of heal wounds for 36 gold pieces
 31136 | D:14     | Bought a potion of heal wounds for 36 gold pieces
 31136 | D:14     | Bought a potion of curing for 24 gold pieces
 31136 | D:14     | Bought a potion of heal wounds for 36 gold pieces
 31136 | D:14     | Bought a potion of curing for 24 gold pieces
 31155 | D:14     | Noticed Nessos
 31161 | D:14     | Noticed Azrael
 31171 | D:14     | Killed Nessos
 31216 | D:14     | Killed Azrael
 31345 | D:14     | Noticed Urug
 31374 | D:14     | Killed Urug
 31462 | D:14     | Reached skill level 19 in Stealth
 31488 | D:14     | Found a gate to the Vaults.
 31816 | D:14     | Noticed Kirke
 31837 | D:14     | Killed Kirke
 32145 | D:15     | Entered Level 15 of the Dungeon
 32791 | D:15     | Reached XP level 16. HP: 84/84 MP: 34/34
 32893 | D:15     | Noticed Rupert
 32896 | D:15     | Killed Rupert
 32896 | D:15     | Received a gift from Okawaru
 32969 | D:15     | Reached skill level 20 in Stealth
 33262 | D:16     | Entered Level 16 of the Dungeon
 34513 | D:16     | Reached skill level 21 in Stealth
 34530 | D:16     | Found a staircase to the Depths.
 34565 | D:16     | Received a gift from Okawaru
 34782 | D:11     | Bought a scroll of fog for 24 gold pieces
 34782 | D:11     | Bought a scroll of teleportation for 36 gold pieces
 34782 | D:11     | Bought a scroll of remove curse for 36 gold pieces
 34782 | D:11     | Bought a scroll of remove curse for 36 gold pieces
 34782 | D:11     | Bought a scroll of enchant weapon II for 66 gold pieces
 34782 | D:11     | Bought a scroll of recharging for 66 gold pieces
 35082 | Spider:1 | Entered Level 1 of the Spider Nest
 35317 | Spider:2 | Noticed Arachne
 35388 | Spider:2 | Noticed Jorgrun
 35486 | Spider:2 | Noticed Nikola
 35526 | Spider:2 | Noticed Snorg
 35530 | Spider:2 | Killed Nikola
 35535 | Spider:2 | Killed Snorg
 35875 | Spider:2 | Noticed Roxanne
 35929 | Spider:2 | Upgraded the game from 0.14-a0-1689-g99b8db2 to 0.14-a0-1696-g06d0eec
 36127 | Spider:3 | Gained mutation: You tend to lose your temper in combat. [mutagenic glow]
 36222 | Spider:3 | Noticed Yermak's ghost (powerful FeFE)
 36278 | Spider:3 | Killed from afar by Yermak's ghost

Action                   |  1- 3 |  4- 6 |  7- 9 | 10-12 | 13-15 | 16-18 || total
-------------------------+-------+-------+-------+-------+-------+-------++-------
Melee: Dagger            |   111 |    94 |   417 |   522 |  1898 |   365 ||  3407
Throw: Dart              |     1 |       |       |       |       |       ||     1
       Throwing net      |       |       |       |     3 |       |     1 ||     4
 Cast: Corona            |     7 |       |       |       |       |       ||     7
       Ensorcelled Hiber |    35 |    54 |    92 |   186 |   335 |   124 ||   826
       Confuse           |     3 |     7 |    66 |    61 |   173 |    37 ||   347
       Invisibility      |       |       |       |     6 |     6 |     1 ||    13
       Mass Confusion    |       |       |       |     1 |     9 |       ||    10
       Repel Missiles    |       |       |       |       |     1 |     2 ||     3
Evoke: Wand              |       |       |     4 |     5 |     8 |     1 ||    18
  Use: Scroll            |     2 |     8 |    13 |    14 |    25 |     1 ||    63
       Potion            |       |       |     8 |     1 |    12 |     3 ||    24
 Stab: Sleeping          |    20 |    41 |    65 |   132 |   322 |   102 ||   682
       Confused          |     1 |     4 |    38 |    41 |   105 |    16 ||   205
       Invisible         |       |       |       |    23 |    51 |     1 ||    75
       Distracted        |       |       |       |     6 |    15 |     2 ||    23
       Held in net/web   |       |       |       |     3 |       |     1 ||     4
       Fleeing           |       |       |       |       |     1 |       ||     1
